 Dungeon Crawl Stone Soup version 0.31-a0-844-gdc52ec4e09 (webtiles) character file.

Game seed: 7107719395783888065

9 lonewolfV2 the Shield-Bearer (level 2, 0/2 HPs)
             Began as a Formicid Fighter on Sept 29, 2023.
             Slain by a bat (1 damage)
             ... on level 1 of the Dungeon.
             The game lasted 00:01:27 (292 turns).

lonewolfV2 the Shield-Bearer (Formicid Fighter)      Turns: 292, Time: 00:01:28

Health: 0/2        AC:  2    Str: 25    XL:     2   Next: 25%
Magic:  2/2        EV:  9    Int:  7    God:
Gold:   21         SH:  0    Dex: 13    Spells: 1/1 levels left

rFire   . . .        a - melded +0 war axe
rCold   . . .        c - melded +0 buckler
rNeg    . . .        b - melded +0 scale mail
rPois   .            (helmet unavailable)
rElec   .            (cloak currently unavailable)
rCorr   .            (gloves currently unavailable)
SInv    .            (boots currently unavailable)
Will    .....        (no amulet)
Stlth   +            (no ring)
HPRegen 0.20/turn    (no ring)
MPRegen 0.08/turn

%: no passive effects
@: snake-form
A: constrict, reduced hp, permanent stasis, dig shafts and tunnels, large,
(antennae 3), four strong arms
a: Begin Untransformation


You were on level 1 of the Dungeon.
You were an enormous anaconda.
You visited 1 branch of the dungeon, and saw 1 of its levels.

You collected 21 gold pieces.

Inventory:

Hand Weapons
 a - a +0 war axe (melded)
Armour
 b - a +0 scale mail (melded)
 c - a +0 buckler (melded)
Talismans
 g - a serpent talisman (active)
Scrolls
 e - a scroll of vulnerability {unknown}
 f - a scroll of blinking {unknown}
Potions
 d - a potion of might


   Skills:
 + Level 3.4 Fighting
 + Level 2.2 Axes
 + Level 3.5 Armour
 + Level 4.1 Shields


You had one spell level left.
You didn't know any spells.
Your spell library was empty.

Dungeon Overview and Level Annotations

Branches:
Dungeon (1/15)

Altars:


Innate Abilities, Weirdness & Mutations

You are an enormous anaconda.
You have a powerful constriction melee attack.
Your maximum health is decreased, since you lack skill for your form.
Your armour is entirely melded.
You are incapable of wielding weapons or throwing items.
You cannot be hasted, slowed, berserked, paralysed or teleported.
You can dig through walls and to a lower floor.
((You have a pair of large antennae on your head. (SInv)))
Your four strong arms can wield two-handed weapons with a shield.


Message History

You kill the endoplasm!
You have reached level 2!
You open the door.
There is an open door here.
You open the door.
A bat comes into view.
A bat is nearby!
Welcome back, lonewolfV2 the Formicid Fighter.
Press ? for a list of commands and other information.
There is an open door here.
The helpless bat fails to defend itself.
You lash the bat!
You kill the bat!
Setting a skill training target for Shapeshifting at 10.0.
You open the door.
Found a stone staircase leading down.
There is an open door here.
A dart slug comes into view.
A dart slug is nearby!
You lash the dart slug!
You kill the dart slug!
A bat comes into view.
You see here a dart slug corpse.
A bat is nearby!
A bat is nearby!
The bat hits you but does no damage. The bat closely misses you.
The bat closely misses you.
You closely miss the bat. Your grab misses the bat. The bat closely misses you.
The bat hits you.
Ouch! That really hurt!
You hit the bat. Your grab misses the bat.
The bat is heavily wounded.
The bat barely misses you. The bat hits you but does no damage.
The bat closely misses you.
You barely miss the bat. You grab the bat.
The bat is heavily wounded.
You constrict the bat. The bat hits you.
Ouch! That really hurt!
You die...

####'###....# #....
#.# ###..# #.... #.#
#..# #.... #.# #..#
##### #####.#
##..####### #.....#
#...##....### ......#
#...#.......# #.....#
#..#†##.....#
#.....####.###.#S....#
####### #..........
#b.....######......
#.....####.
##.........##......
#.....# #.
...........'......
###'#.####
..........##......
#.......#
##..##.....########
#.......#
#.................
##.......#
##..........##.....
#........#
###.....##....##....#


You could see a bat.

Vanquished Creatures
  A dart slug (D:1)
  A ball python (D:1)
  2 endoplasms (D:1)
  A goblin (D:1)
  A bat (D:1)
  A rat (D:1)
7 creatures vanquished.

Notes
Turn   | Place    | Note
-------+----------+-------------------------------------------
     0 | D:1      | lonewolfV2 the Formicid Fighter began the quest for the
                  | Orb.
     0 | D:1      | Reached XP level 1. HP: 18/18 MP: 1/1
   222 | D:1      | Reached XP level 2. HP: 2/24 MP: 2/2
   292 | D:1      | Slain by a bat

Illustrated notes

Levels and vault maps discovered:
D:1:      dpeg_arrival_stonehenge_12_columns, layout_basic,
          minmay_misc_feat_doors, nicolae_kite_square_tiling_tiny,
          minmay_tripent

Action                     || total
---------------------------++-------
  Melee: War axe           ||     6
         Unarmed           ||     6
         Constrict         ||     1
   Stab: Sleeping          ||     1
 Armour: Scale mail        ||     3
         Skin              ||     4
  Dodge: Dodged            ||     9
  Block: Buckler           ||     1
   Form: Anaconda          ||     1

Table legend: (Time is in decaauts)
 A = Elapsed time spent in this place.
 B = Non-inter-level travel time spent in this place.
 C = Inter-level travel time spent in this place.
 D = Time resting spent in this place.
 E = Time spent auto-exploring this place.
 F = Levels seen in this place.
 G = Mean time per level.
                   A        B        C        D        E       F      G
               +--------+--------+--------+--------+--------+-----+--------+
         Total |    294 |    294 |      0 |      0 |    193 |   1 |  294.0 |
       Dungeon |    294 |    294 |      0 |      0 |    193 |   1 |  294.0 |
               +--------+--------+--------+--------+--------+-----+--------+

Top non-repeatable levels by time:
     D:1: 294 daAuts
